 Dungeon Crawl Stone Soup version 0.27-a0-543-gd81048afd2 (webtiles) character file.

Game seed: 15832353264842173446

118953 Venek the Geomancer (level 16, -3/100 HPs)
             Began as a Gargoyle Earth Elementalist on Mar 7, 2021.
             Was the Champion of Vehumet.
             Killed from afar by a hell knight (27 damage)
             ... with a bolt of fire
             ... on level 15 of the Dungeon.
             The game lasted 01:09:03 (33555 turns).

Venek the Geomancer (Gargoyle Earth Elementalist)  Turns: 33555, Time: 01:09:03

Health: -3/100     AC: 30    Str: 15    XL:     16   Next: 78%
Magic:  33/39      EV: 14    Int: 21    God:    Vehumet [******]
Gold:   1537       SH:  4    Dex: 10    Spells: 3/36 levels left

rFire    . . .     SeeInvis .   J - +10 demon whip of Dullness {drain, rElec rPois MP+9 Str-5}
rCold    . . .     Faith    .   (no shield)
rNeg     + . .     Spirit   .   d - +3 leather armour
rPois    ∞         Reflect  .   D - +1 hat {Will+}
rElec    +         Harm     .   f - +1 cloak
rCorr    .         Rampage  .   R - +2 pair of gloves
Will     ++...                  M - +0 pair of boots
Stlth    ++........             (no amulet)
HPRegen  0.26/turn              p - +4 ring of protection
MPRegen  0.26/turn              u - +6 ring of strength

@: flying
A: big wings, horns 2, large bone plates 1, negative energy resistance 1,
electricity resistance, torment resistance 1, unbreathing 1, petrification
resistance, AC +12
a: Stop Flying, Renounce Religion


You were on level 15 of the Dungeon.
You worshipped Vehumet.
Vehumet was exalted by your worship.
You visited 4 branches of the dungeon, and saw 24 of its levels.
You also visited: Ice Cave.

You collected 2760 gold pieces.
You spent 1223 gold pieces at shops.

Inventory:

Hand Weapons
 J - the +10 demon whip of Dullness (weapon) {drain, rElec rPois MP+9 Str-5}
   (You acquired it on level 9 of the Dungeon)

   A truly terrible weapon, it drains the life of those it strikes.
   It affects your strength (-5).
   It insulates you from electricity.
   It protects you from poison.
   It affects your magic capacity (+9).
Missiles
 b - 596 stones
Armour
 d - a +3 leather armour (worn)
 e - +0 steam dragon scales
 f - a +1 cloak (worn)
 D - a +1 hat of willpower (worn)
 M - a +0 pair of boots (worn)
 R - a +2 pair of gloves (worn)
 T - a +2 robe of resistance
Magical Staves
 H - a staff of fire
Jewellery
 i - a +4 ring of evasion
 p - a +4 ring of protection (left hand)
 u - a +6 ring of strength (right hand)
 B - a ring of protection from fire
 Q - a ring of see invisible
 V - a ring of positive energy
Wands
 q - a wand of flame (76)
 w - a wand of mindburst (12)
 y - a wand of iceblast (38)
 z - a wand of random effects (24)
 E - a wand of acid (12)
 F - a wand of paralysis (6)
 P - a wand of charming (8)
Scrolls
 c - 14 scrolls of identify
 l - 5 scrolls of fog
 n - a scroll of immolation
 r - 2 scrolls of amnesia
 x - 5 scrolls of blinking
 A - 6 scrolls of magic mapping
 I - 2 scrolls of teleportation
 K - 4 scrolls of enchant weapon
 O - a scroll of brand weapon
Potions
 a - 4 potions of heal wounds
 g - a potion of ambrosia
 h - 5 potions of mutation
 j - 3 potions of brilliance
 k - 4 potions of attraction
 o - 7 potions of cancellation
 s - a potion of berserk rage
 t - 7 potions of magic
 v - 7 potions of curing
 C - 3 potions of lignification
 G - a potion of haste
 L - 2 potions of invisibility
 N - a potion of resistance
 S - 2 potions of might
Miscellaneous
 m - a condenser vane (inert)
 U - a phantom mirror


   Skills:
 - Level 11.1 Fighting
 - Level 10.2 Maces & Flails
 - Level 6.0 Armour
 - Level 9.0 Dodging
 - Level 2.1 Stealth
 - Level 10.8 Spellcasting
 - Level 12.1 Conjurations
 - Level 0.7 Transmutations
 + Level 8.6 Fire Magic
 - Level 13.7 Earth Magic
 - Level 9.5 Evocations


You had 3 spell levels left.
You knew the following spells:

 Your Spells              Type           Power      Damage    Failure   Level
a - Sandblast             Erth           100%       2d20      1%          1
b - Stone Arrow           Conj/Erth      100%       3d13      1%          3
c - Lee's Rapid Deconstr  Erth           31%        3d17*     1%          5
d - Iron Shot             Conj/Erth      30%        9d6       1%          6
e - Bolt of Magma         Conj/Fire/Erth 28%        4d13      1%          5
f - Fireball              Conj/Fire      26%        3d12      1%          5
g - Ignition              Fire           23%        3d8       95%         8

Your spell library contained the following spells:

 Spells                   Type           Power      Damage    Failure   Level
 Foxfire                  Conj/Fire      100%       2x1d9     1%          1
 Freeze                   Ice            44%        1d6       1%          1
 Magic Dart               Conj           100%       1d8       1%          1
 Passwall                 Tmut/Erth      34%        N/A       1%          2
 Searing Ray              Conj           100%       3d7       1%          2
 Dazzling Flash           Conj/Hex       72%        N/A       1%          3
 Ignite Poison            Fire/Tmut/Pois 24%        N/A       1%          3
 Mephitic Cloud           Conj/Pois/Air  28%        N/A       1%          3
 Beastly Appendage        Tmut           28%        N/A       5%          1
 Sting                    Tmut/Pois      48%        1d5       6%          1
 Frozen Ramparts          Ice            22%        1d4       6%          3
 Animate Skeleton         Necr           22%        N/A       7%          1
 Pain                     Necr           44%        1d6       7%          1
 Wereblood                Tmut           14%        N/A       8%          2
 Poisonous Vapours        Pois/Air       22%        N/A       11%         2
 Spider Form              Tmut/Pois      6%         N/A       19%         3
 Ozocubu's Armour         Ice            11%        N/A       22%         3
 Vampiric Draining        Necr           5%         2d6       22%         3
 Fulminant Prism          Conj/Hex       18%        3d11      1%          4
 Hailstorm                Conj/Ice       36%        3d9       1%          4
 Iskenderun's Mystic Bla  Conj/Tloc      36%        2d9       1%          4
 Petrify                  Tmut/Erth      41%        N/A       3%          4
 Starburst                Conj/Fire      26%        8x6d8     4%          6
 Olgreb's Toxic Radiance  Pois           11%        N/A       17%         4
 Freezing Cloud           Conj/Ice/Air   14%        6-21      45%         6
 Ice Form                 Ice/Tmut       12%        N/A       52%         4
 Animate Dead             Necr           5%         N/A       56%         4
 Cause Fear               Hex            5%         N/A       56%         4
 Summon Ice Beast         Ice/Summ       11%        N/A       56%         4
 Blade Hands              Tmut           7%         N/A       82%         5
 Agony                    Necr           11%        N/A       89%         5
 Metabolic Englaciation   Hex/Ice        5%         N/A       89%         5
 Simulacrum               Ice/Necr       5%         N/A       100%        6
 Dragon Form              Tmut           7%         N/A       100%        7
 Ozocubu's Refrigeration  Ice            5%         4d6       100%        7
 Dragon's Call            Summ           5%         N/A       100%        9


Dungeon Overview and Level Annotations

Branches:
Dungeon (15/15)            Temple (1/1) D:7            Lair (6/6) D:11
 Shoals (0/4) Lair:4       Spider (0/4) Lair:3        Slime (0/5) Lair:5
    Orc (2/2) D:11            Elf (0/3) Orc:2        Vaults (0/5) D:13
  IceCv (visited)
 Depths: D:15

Altars:
Ashenzari
Cheibriados
Dithmenos
Fedhas
Hepliaklqana
Kikubaaqudgha
Makhleb
Nemelex Xobeh
Trog
Uskayaw
Vehumet
Wu Jian
Xom
Zin
Beogh

Shops:
D:12 (   D:13 *   Orc:2 *(?*(

Portals:
Trove: D:10 (give +2 shadow dragon scales)

Annotations:
D:7 1 runed translucent door, karf's ghost, novice TeAE
D:15 Azrael


Innate Abilities, Weirdness & Mutations

Your stone body is resilient. (AC +12)
You are immune to poison.
Your large and strong wings let you fly indefinitely.
You resist negative energy. (rN+)
You are resistant to electric shocks. (rElec)
You are resistance to unholy torment.
You can survive without breathing.
You are immune to petrification.
You have a pair of horns on your head.
You are partially covered in large bone plates. (SH +4)


Message History

Vehumet accepts your kill.
The blast of rock fragments hits the white ugly thing!
The white ugly thing is almost dead.
The blast of rock fragments hits the hell hound!!
You kill the hell hound!
Vehumet accepts your kill.
You feel your power returning.
The blast of rock fragments hits the hell knight!
The hell knight is lightly wounded.
The hell knight hits you with a +0 vorpal broad axe!
* * * LOW HITPOINT WARNING * * *
x2 The red ugly thing is engulfed in blazing flames.
The white ugly thing is engulfed in blazing flames. x2
The red ugly thing is engulfed in blazing flames.
The red ugly thing basks in the mutagenic energy from its kin and changes!
The red ugly thing is engulfed in blazing flames.
The red ugly thing closely misses you.
The hell knight hits you but does no damage.
Unknown command.
Unknown command.
Casting: Lee's Rapid Deconstruction (mildly dangerous; 1% risk of failure)
Confirm with . or Enter, or press ? or * to list all spells.
Aiming: Lee's Rapid Deconstruction (mildly dangerous; 1% risk of failure)
Press: ? - help, Dir - move target A rock wall.
The wall shatters!
The blast of rock fragments hits the white ugly thing!!
The white ugly thing is almost dead.
The blast of rock fragments hits the white ugly thing!
You kill the white ugly thing!
Vehumet accepts your kill.
You feel your power returning.
The blast of rock fragments hits the hell knight!
The hell knight is moderately wounded.
The white ugly thing is engulfed in blazing flames. x2
You kill the white ugly thing!
Vehumet accepts your kill. The hell knight casts a spell at you.
The bolt of fire hits you!!
You die...

#.####.##.# #. §§§§
.#...#####†)) . §§§§
.. #.......#) #§#§R§
.. )..#####... §#uu#
.# ##.# hu§§..# #.#
#uh#§.### #.#
#u§p§...# #.# #@# #
## ##.#
#.###.#...#####...
#.......#.......#.
#..####...#####...
#.....# .##...##.#
#...####.#.##.##.#
#...####....#.##.#
#...##....#......#
####...#...#...#.#...


You could see Azrael, 5 ugly things, a hell knight (fast) and 2 hell hounds.

Vanquished Creatures
  Rupert (D:15)
  Gastronok (D:8)
  An orc warlord (Orc:2)
  A frost giant (IceCv)
  Nessos (D:13)
  3 fire dragons (Lair:6)
  Josephine (Lair:4)
  A vault guard (D:10)
  Fannar (Orc:1)
  4 hydras
  4 boulder beetles
  A catoblepas (D:14)
  A death knight (D:15)
  An ogre mage (D:11)
  2 centaur warriors (D:13)
  9 two-headed ogres
  The ghost of Tourist the Geomancer, a journeyman GrEE of Vehumet (D:10)
  2 tengu warriors
  6 death yaks
  5 orc high priests (Orc:2)
  Urug (D:13)
  Nergalle (Orc:1)
  A skeletal warrior (D:15)
  5 unseen horrors
  2 lindwurms (Lair:6)
  Pikel (D:4)
  A swamp dragon (Lair:6)
  A wizard (D:15)
  A phantasmal warrior (D:15)
  A deep elf pyromancer (D:14)
  20 ugly things
  4 cyclopes
  11 orc knights
  An oklob plant (Lair:1)
  A wolf spider zombie (D:15)
  4 manticores
  4 black mambas
  Maurice (D:8)
  5 torpor snails (Lair:6)
  An ice statue (IceCv)
  3 spectral centaurs (D:10)
  7 cane toads
  Maggie (D:7)
  4 centaur skeletons
  A freezing wraith (D:14)
  Psyche (D:10)
  A tengu conjurer (D:13)
  An efreet (D:13)
  11 rime drakes
  10 komodo dragons
  9 trolls
  3 tyrant leeches (Lair:6)
  A wind drake (Lair:4)
  12 polar bears
  7 hornets
  A jumping spider (Lair:3)
  9 blink frogs
  Grinder (D:4)
  4 slime creatures (D:12)
  A spriggan (Lair:3)
  2 vampires
  8 wraiths
  A shadow (D:12)
  Eustachio (D:4)
  57 yaks
  4 wyverns
  15 humans (D:13)
  4 basilisks
  15 steam dragons
  3 vampire mosquitoes (D:12)
  2 fire elementals (D:15)
  13 water moccasins
  10 wargs
  3 acid dragons (Lair:6)
  A hell hound (D:15)
  4 sky beasts
  A swamp drake (Lair:6)
  A meliai simulacrum (D:10)
  18 ogres
  49 orc warriors
  2 ice beasts
  2 eyes of draining
  A necrophage (D:10)
  39 wolves
  2 black bears
  3 centaurs
  A kobold brigand (D:9)
  23 bullfrogs
  3 wyvern skeletons
  5 scorpions
  20 killer bees
  35 wights
  3 howler monkeys (D:7)
  An electric eel (Lair:2)
  7 centaur zombies
  A bullfrog zombie (D:7)
  2 quasits (D:10)
  10 hounds
  2 gnoll shamans
  3 jellies
  40 orc priests
  Natasha (thrice) (D:4)
  24 orc wizards
  8 iguanas
  9 worker ants
  2 killer bee zombies
  2 bullfrog simulacra (D:10)
  A hound skeleton (D:10)
  A worker ant zombie (D:5)
  Robin (D:4)
  13 gnolls
  A howler monkey skeleton (D:6)
  13 adders
  2 shadow imps
  4 white imps
  4 ufetubi
  4 oozes
  An adder zombie (D:7)
  3 dart slugs
  6 leopard geckos
  112 orcs
  2 giant cockroaches
  20 goblins
  12 hobgoblins
  2 jackals (D:1)
  2 quokkas
  A ball python (D:1)
  13 bats
  7 frilled lizards
  14 kobolds
  A leopard gecko zombie (D:7)
  A quokka skeleton (D:5)
  A quokka zombie (D:8)
  6 rats
  A bush (Lair:6)
916 creatures vanquished.

Vanquished Creatures (others)
  2 rime drakes
  A bush (Lair:6)
  20 fungi
  56 plants
79 creatures vanquished.

Grand Total: 995 creatures vanquished

Notes
Turn   | Place    | Note
-------+----------+-------------------------------------------
     0 | D:1      | Venek the Gargoyle Earth Elementalist began the quest for
                  | the Orb.
     0 | D:1      | Reached XP level 1. HP: 10/10 MP: 3/3
   156 | D:1      | Reached XP level 2. HP: 15/15 MP: 1/5
   169 | D:1      | Reached skill level 4 in Earth Magic
   893 | D:1      | Reached XP level 3. HP: 16/19 MP: 4/6
  1307 | D:1      | Learned a level 3 spell: Stone Arrow
  1588 | D:2      | Reached XP level 4. HP: 23/24 MP: 5/8
  1649 | D:2      | Reached skill level 1 in Conjurations
  1974 | D:2      | Found a radiant altar of Vehumet.
  1983 | D:2      | Became a worshipper of Vehumet
  2437 | D:3      | Found a broken altar of Ashenzari.
  2440 | D:3      | Found a shimmering altar of Xom.
  2443 | D:3      | Found a blossoming altar of Fedhas.
  2446 | D:3      | Found a hazy altar of Hepliaklqana.
  2545 | D:3      | Reached skill level 5 in Earth Magic
  2829 | D:3      | Reached XP level 5. HP: 28/28 MP: 6/10
  2948 | D:3      | Reached * piety under Vehumet
  2948 | D:3      | Offered knowledge of Shock by Vehumet.
  3071 | D:3      | Gained mutation: You evolve. [potion of mutation]
  3071 | D:3      | Gained mutation: You have a pair of small horns on your
                  | head. [potion of mutation]
  3071 | D:3      | Gained mutation: You rapidly evolve. [potion of mutation]
  3071 | D:3      | Gained mutation: You have a pair of horns on your head.
                  | [potion of mutation]
  3667 | D:3      | Gained mutation: You are partially covered in large bone
                  | plates. (SH +4) [evolution]
  3667 | D:3      | Lost mutation: You rapidly evolve. [decline of evolution]
  3712 | D:3      | Learned a level 5 spell: Lee's Rapid Deconstruction
  3767 | D:4      | Noticed Natasha
  3770 | D:4      | Killed Natasha
  3815 | D:4      | Noticed Natasha
  3820 | D:4      | Killed Natasha
  3821 | D:4      | Reached XP level 6. HP: 6/32 MP: 7/11
  4345 | D:4      | Noticed Pikel
  4364 | D:4      | Killed Pikel
  4365 | D:4      | Reached skill level 6 in Earth Magic
  4365 | D:4      | Reached XP level 7. HP: 20/36 MP: 1/14
  4469 | D:4      | Noticed Robin
  4491 | D:4      | Killed Robin
  4521 | D:4      | Noticed Natasha
  4530 | D:4      | Killed Natasha
  4531 | D:4      | Reached skill level 7 in Earth Magic
  4537 | D:4      | Noticed Eustachio
  4550 | D:4      | Killed Eustachio
  4551 | D:4      | Reached skill level 5 in Spellcasting
  4551 | D:4      | Reached skill level 5 in Conjurations
  4551 | D:4      | Reached XP level 8. HP: 21/41 MP: 1/15
  4728 | D:4      | Noticed Grinder
  4740 | D:4      | Killed Grinder
  4797 | D:4      | Reached skill level 1 in Fighting
  5046 | D:4      | Reached skill level 1 in Maces & Flails
  5046 | D:4      | Reached skill level 1 in Armour
  5103 | D:4      | Reached skill level 1 in Evocations
  5433 | D:4      | Offered knowledge of Searing Ray by Vehumet.
  5434 | D:4      | Reached ** piety under Vehumet
  5884 | D:5      | Entered Level 5 of the Dungeon
  6347 | D:5      | Found a hide-covered altar of Uskayaw.
  6507 | D:5      | Found a snail-covered altar of Cheibriados.
  6629 | D:5      | Lost mutation: You evolve. [evolution]
  7051 | D:6      | Reached XP level 9. HP: 45/49 MP: 6/17
  7565 | D:6      | Reached skill level 8 in Earth Magic
  7923 | D:7      | Noticed Maggie
  7938 | D:7      | Killed Maggie
  7938 | D:7      | Offered knowledge of Inner Flame by Vehumet.
  8063 | D:7      | Found an ornate altar of the Wu Jian Council.
  8283 | D:7      | Reached *** piety under Vehumet
  8446 | D:7      | Reached XP level 10. HP: 56/56 MP: 16/19
  8610 | D:7      | Found a staircase to the Ecumenical Temple.
  8641 | Temple   | Entered the Ecumenical Temple
  8668 | D:7      | Found a runed translucent door.
  8669 | D:7      | Found a shimmering altar of Xom.
  8669 | D:7      | Noticed karf's ghost (novice TeAE)
  8669 | D:7      | Noticed a +1 whip of chaos
  8774 | D:7      | Offered knowledge of Conjure Flame by Vehumet.
  9002 | D:8      | Noticed Gastronok
  9191 | D:8      | Killed Gastronok
  9192 | D:8      | Reached skill level 9 in Earth Magic
  9349 | D:8      | Found a shimmering altar of Xom.
  9567 | D:8      | Noticed Maurice
  9570 | D:8      | Killed Maurice
 10055 | D:9      | Found a sparkling altar of Nemelex Xobeh.
 10342 | D:9      | Reached skill level 5 in Fighting
 10392 | D:9      | Reached **** piety under Vehumet
 10458 | D:9      | Reached skill level 5 in Armour
 10458 | D:9      | Reached XP level 11. HP: 63/63 MP: 9/21
 10483 | D:9      | Offered knowledge of Mephitic Cloud by Vehumet.
 10636 | D:9      | Identified a scroll of acquirement
 10636 | D:9      | Acquired the +10 demon whip of Dullness {drain, rElec rPois
                  | MP+9 Str-5}
 10710 | D:9      | Identified the ring "Pyukh" {+Fly Str+4}
 11020 | D:10     | Entered Level 10 of the Dungeon
 11528 | D:10     | Noticed an orc knight
 11551 | D:10     | Killed an orc knight
 11557 | D:10     | Reached skill level 5 in Maces & Flails
 11560 | D:10     | Killed an unseen horror
 11679 | D:10     | Found a bloodstained altar of Trog.
 11859 | D:10     | Found a runed translucent gate.
 11860 | D:10     | Found a runed translucent gate.
 11860 | D:10     | Found a runed translucent gate.
 11865 | D:10     | Noticed Tourist's ghost (journeyman GrEE)
 11877 | D:10     | Noticed a vault guard
 11893 | D:10     | Killed a vault guard
 11894 | D:10     | Reached skill level 5 in Dodging
 11894 | D:10     | Reached skill level 5 in Evocations
 11983 | D:10     | Found a portal to a secret trove of treasure.
 12006 | D:10     | Noticed Psyche
 12021 | D:10     | Killed Psyche
 12115 | D:10     | Reached skill level 10 in Earth Magic
 12305 | D:10     | Reached XP level 12. HP: 67/71 MP: 23/23
 12311 | D:10     | Killed Tourist's ghost
 12507 | D:11     | Reached ***** piety under Vehumet
 12575 | D:11     | Offered knowledge of Olgreb's Toxic Radiance by Vehumet.
 12779 | D:11     | Found a staircase to the Orcish Mines.
 12893 | D:11     | Noticed a two-headed ogre
 12894 | D:11     | Noticed a two-headed ogre
 12899 | D:11     | Noticed a two-headed ogre
 12900 | D:11     | Killed a two-headed ogre
 12903 | D:11     | Killed a two-headed ogre
 12903 | D:11     | Noticed an ogre mage
 12909 | D:11     | Killed a two-headed ogre
 12918 | D:11     | Killed an ogre mage
 12918 | D:11     | Noticed a two-headed ogre
 12926 | D:11     | Killed a two-headed ogre
 13424 | D:11     | Noticed a boulder beetle
 13467 | D:11     | Killed a boulder beetle
 13587 | D:11     | Reached skill level 11 in Earth Magic
 13753 | D:11     | Found a staircase to the Lair.
 13876 | D:11     | Reached XP level 13. HP: 78/78 MP: 25/25
 14550 | D:12     | Found Efoew's Weapon Shop.
 15210 | D:12     | Identified the +0 war axe of the Endless Expanse {holy,
                  | Will++ Int-5 Dex+4}
 15440 | D:13     | Noticed Urug
 15449 | D:13     | Found Fanker's Assorted Antiques.
 15486 | D:13     | Killed Urug
 15517 | D:13     | Offered knowledge of Iron Shot by Vehumet.
 15543 | D:13     | Learned a level 6 spell: Iron Shot
 15555 | D:13     | Bought a scroll of identify for 46 gold pieces
 15555 | D:13     | Bought 2 scrolls labelled ZAJIMA TOQUD for 46 gold pieces
 15555 | D:13     | Bought 2 potions of magic for 368 gold pieces
 15555 | D:13     | Bought a potion of curing for 69 gold pieces
 15702 | D:13     | Noticed Nessos
 15728 | D:13     | Killed Nessos
 15784 | D:13     | Reached skill level 10 in Conjurations
 16196 | D:13     | Found a gate to the Vaults.
 17159 | D:13     | Reached skill level 12 in Earth Magic
 17185 | D:13     | Gained mutation: Your large and strong wings let you fly
                  | indefinitely. [Gargoyle growth]
 17185 | D:13     | Reached XP level 14. HP: 77/86 MP: 27/27
 18051 | D:14     | Offered knowledge of Fireball by Vehumet.
 18660 | Lair:1   | Entered Level 1 of the Lair of Beasts
 18774 | Lair:1   | Found a frozen archway.
 18785 | IceCv    | Entered an ice cave
 19429 | IceCv    | Learned a level 5 spell: Fireball
 19600 | IceCv    | Reached skill level 1 in Fire Magic
 19890 | IceCv    | Noticed a frost giant
 19897 | IceCv    | Killed a frost giant
 20006 | IceCv    | Identified the +1 halberd "Xizuff" {flame, rC+ Dex+4 SInv}
 20743 | Lair:1   | Reached skill level 10 in Fighting
 21399 | Lair:2   | Reached XP level 15. HP: 92/92 MP: 28/28
 21525 | Lair:2   | Reached skill level 10 in Spellcasting
 22398 | Lair:3   | Found a hole to the Spider Nest.
 23544 | Lair:4   | Identified the +2 robe of Disguise {rN++ Stlth+}
 23725 | Lair:4   | Found a staircase to the Shoals.
 23739 | Lair:4   | Reached skill level 13 in Earth Magic
 23902 | Lair:4   | Noticed Josephine
 23962 | Lair:4   | Killed Josephine
 24716 | Lair:5   | Found a staircase to the Slime Pits.
 24755 | Lair:5   | Offered knowledge of Bolt of Magma by Vehumet.
 24756 | Lair:5   | Reached skill level 5 in Fire Magic
 24762 | Lair:5   | Learned a level 5 spell: Bolt of Magma
 25039 | Lair:5   | Identified the +0 trident "Soufuh" {venom, rC++ Will+
                  | Dex+4}
 25608 | Lair:6   | Entered Level 6 of the Lair of Beasts
 27746 | Lair:6   | Found a runed translucent door.
 27834 | Lair:6   | Offered knowledge of Spellforged Servitor by Vehumet.
 27852 | Lair:6   | Reached XP level 16. HP: 32/99 MP: 18/30
 29015 | Orc:1    | Entered Level 1 of the Orcish Mines
 29030 | Orc:1    | Found a burning altar of Makhleb.
 29055 | Orc:1    | Noticed Nergalle
 29072 | Orc:1    | Killed Nergalle
 29682 | Orc:1    | Noticed Fannar
 30006 | Orc:1    | Killed Fannar
 30007 | Orc:1    | Reached skill level 10 in Maces & Flails
 30237 | Orc:2    | Entered Level 2 of the Orcish Mines
 30353 | Orc:2    | Found a staircase to the Elven Halls.
 30497 | Orc:2    | Found Risch's Antique Weapon Emporium.
 30581 | Orc:2    | Offered knowledge of Starburst by Vehumet.
 30583 | Orc:2    | Reached ****** piety under Vehumet
 31607 | Orc:2    | Learned a level 6 spell: Starburst
 31984 | Orc:2    | Found Gouna's General Store.
 31985 | Orc:2    | Found Zic Geru's Magic Scroll Shoppe.
 31985 | Orc:2    | Found Ebea's Antique Weapon Emporium.
 31986 | Orc:2    | Found Ugaqaphau's Assorted Antiques.
 32019 | Orc:2    | Bought a potion of magic for 272 gold pieces
 32019 | Orc:2    | Bought a scroll of identify for 68 gold pieces
 32022 | Orc:2    | Bought a scroll of identify for 26 gold pieces
 32022 | Orc:2    | Bought a scroll of identify for 26 gold pieces
 32022 | Orc:2    | Bought a scroll of identify for 26 gold pieces
 32022 | Orc:2    | Bought a scroll of identify for 26 gold pieces
 32022 | Orc:2    | Bought a scroll of identify for 26 gold pieces
 32028 | Orc:2    | Bought a scroll of identify for 32 gold pieces
 32028 | Orc:2    | Bought a potion of magic for 128 gold pieces
 32028 | Orc:2    | Bought a scroll of identify for 32 gold pieces
 32028 | Orc:2    | Bought a scroll of identify for 32 gold pieces
 32264 | D:15     | Entered Level 15 of the Dungeon
 32722 | D:15     | Noticed Rupert
 32728 | D:15     | Paralysed by Rupert for 7 turns
 32740 | D:15     | Killed Rupert
 32974 | D:15     | Offered knowledge of Ignition by Vehumet.
 32985 | D:15     | Learned a level 8 spell: Ignition
 33185 | D:15     | Noticed Azrael
 33555 | D:15     | Killed from afar by a hell knight

Illustrated notes

Levels and vault maps discovered:
D:1:      wander_arrival_lonely_grave, layout_basic, minmay_misc_feat_enclosed,
          minmay_surrounded
D:2:      layout_loops_ring, vehumet_crystals
D:3:      layout_loops_corners, grunt_temple_overflow_cloverleaf
D:4:      layout_cave_pods, uniq_natasha, uniq_eustachio, uniq_grinder,
          uniq_robin, uniq_pikel
D:5:      layout_loops_ring, eat_drink_and_be_merry_uskayaw,
          lemuel_doored_altar, serial_rivers, chequers_serial_rivers_micro_c,
          chequers_serial_rivers_micro_e, chequers_serial_rivers_micro_e,
          chequers_serial_rivers_micro_d, chequers_serial_rivers_small_a,
          chequers_serial_rivers_large_a
D:6:      layout_loops_ring
D:7:      nzn_winding_woodlands_medium [nzn_winding_woodlands_hourglass,
          nzn_winding_woodlands_5x15_longhouse,
          nzn_winding_woodlands_5x5_checkerboard,
          nzn_winding_woodlands_5x5_closed_star,
          nzn_winding_woodlands_center_lodge, nzn_winding_woodlands_5x5_cross,
          nzn_winding_woodlands_5x5_open_star,
          nzn_winding_woodlands_5x15_pathside_ponds,
          nzn_winding_woodlands_5x5_three], layout_rooms,
          pdpol_wu_jian_five_deadly_venoms, temple_pool_b, ebering_ghost_xom,
          uniq_maggie
D:8:      layout_cave_pools, st_stairs_9, kennysheep_doodads, xom_teletrap_fun,
          uniq_gastronok, uniq_maurice
D:9:      layout_irregular_city, overflow_temple_1_default
D:10:     layout_gridville, basic_altar, gammafunk_ghost_necromancy,
          enter_trove_5, uniq_psyche
D:11:     layout_basic, erik_lair_orcish_takeover, david_orc_1_choice
D:12:     layout_gridville, serial_shops, nicolae_shop_waterfront
D:13:     layout_loops_corners, david_vaults_3, serial_shops, shop,
          moated_statue, minmay_checkerbox
D:14:     layout_long_grid
D:15:     hangedman_depths_entry_civil_slaughter, layout_loops_ring,
          minmay_misc_feat_tower, uniq_rupert, uniq_azrael
Temple:   cyrus_circular_temple
Lair:1:   layout_regular_city, portal_ice_cave_entry_pillars_1,
          minmay_lair_oklob_items
Lair:2:   layout_roguey, nicolae_quartered_pool_super
Lair:3:   layout_regular_city, spider_nest_entry_rubble,
          grunt_forest_stairs_clearing, lemuel_fruit_fields, grunt_megastairs_3
Lair:4:   layout_small_grid, minmay_shoals_entry_beasts, uniq_josephine
Lair:5:   layout_regular_city, slime_dummy, infiniplex_staircase_pool
Lair:6:   wormcave, layout_misc_corridors, guppyfry_lair_end_dragon,
          wad_woods_06, bobbens_dragon_lair_wall
Orc:1:    layout_caves, bloody_makhleb, uniq_nergalle, uniq_fannar
Orc:2:    st_orc_pillars, layout_caves, basic_altar, serial_shops,
          nicolae_shop_crystal, nicolae_orc_bridge_out, amcnicky_altar_gilded

Skill      XL: |  1  2  3  4  5  6  7  8  9 10 11 12 13 14 15 16 |
---------------+-------------------------------------------------+-----
Earth Magic    | 4 5 6 7 8 9 10 11 12 13 | 13.7
Spellcasting   | 3 4 5 6 7 8 9 10 | 10.8
Conjurations   | 2 4 5 6 7 8 9 10 11 12 | 12.1
Fighting       | 2 3 5 6 7 9 10 11 | 11.1
Maces & Flails | 2 3 4 5 6 8 9 10 | 10.2
Armour         | 2 3 5 6 |  6.0
Dodging        | 2 3 4 5 6 7 8 9 |  9.0
Evocations     | 1 3 4 5 6 7 8 9 |  9.5
Fire Magic     | 3 6 8 |  8.6
Stealth        | |  2.1
Transmutations | |  0.7

Action                   |  1- 3 |  4- 6 |  7- 9 | 10-12 | 13-15 | 16-18 || total
-------------------------+-------+-------+-------+-------+-------+-------++-------
Melee: Unarmed           |     8 |       |       |       |       |       ||     8
       Dagger            |   116 |   101 |       |       |       |       ||   217
       Mace              |       |    15 |       |       |       |       ||    15
       Rapier            |       |    65 |    22 |       |       |       ||    87
       Headbutt          |       |     3 |    32 |    70 |   166 |    75 ||   346
       Flail             |       |       |   220 |   166 |       |       ||   386
       Demon whip        |       |       |       |   328 |  1195 |   428 ||  1951
 Cast: Sandblast         |    20 |    27 |    75 |    23 |    24 |    10 ||   179
       Stone Arrow       |       |     2 |    14 |    47 |     5 |       ||    68
       Lee's Rapid Decon |       |       |     2 |    21 |    44 |    19 ||    86
       Iron Shot         |       |       |       |       |    71 |    50 ||   121
       Fireball          |       |       |       |       |    10 |    15 ||    25
       Bolt of Magma     |       |       |       |       |       |    12 ||    12
 Abil: Fly               |       |       |       |       |     1 |       ||     1
Evoke: Wand              |       |       |     5 |    10 |     5 |     2 ||    22
       Condenser vane    |       |       |       |       |     1 |     2 ||     3
  Use: Scroll            |       |     5 |    11 |     9 |     7 |     4 ||    36
       Potion            |       |     1 |     1 |     2 |     3 |     1 ||     8
 Stab: Sleeping          |     1 |     4 |     3 |     4 |     1 |       ||    13
Armor: Robe              |    51 |    56 |    15 |       |       |       ||   122
       Leather armour    |       |       |    88 |   303 |   600 |   177 ||  1168
Dodge: Dodged            |    81 |   157 |   257 |   316 |   612 |   225 ||  1648
Block: Other             |       |     4 |    45 |    72 |   180 |    46 ||   347

Table legend: (Time is in decaauts)
 A = Elapsed time spent in this place.
 B = Non-inter-level travel time spent in this place.
 C = Inter-level travel time spent in this place.
 D = Time resting spent in this place.
 E = Time spent auto-exploring this place.
 F = Levels seen in this place.
 G = Mean time per level.
                   A        B        C        D        E       F      G
               +--------+--------+--------+--------+--------+-----+--------+
         Total |  33109 |  31952 |   1157 |   5557 |  20344 |  25 | 1324.4 |
       Dungeon |  20342 |  19658 |    684 |   3209 |  12673 |  15 | 1356.1 |
        Temple |      1 |      1 |      0 |      0 |      0 |   1 |    1.0 |
          Lair |   8610 |   8242 |    368 |   1528 |   5430 |   6 | 1435.0 |
  Orcish Mines |   2771 |   2668 |    103 |    359 |   1680 |   2 | 1385.5 |
      Ice Cave |   1383 |   1383 |      0 |    461 |    561 |   1 | 1383.0 |
               +--------+--------+--------+--------+--------+-----+--------+

Top non-repeatable levels by time:
  Lair:6: 2504 daAuts
     D:4: 2153 daAuts
    D:13: 1960 daAuts
    D:11: 1917 daAuts
   Orc:2: 1863 daAuts
  Lair:5: 1655 daAuts
    D:12: 1520 daAuts
     D:1: 1484 daAuts
   IceCv: 1383 daAuts
     D:3: 1358 daAuts
     D:9: 1328 daAuts
  Lair:1: 1301 daAuts
  Lair:4: 1287 daAuts
     D:7: 1282 daAuts
    D:15: 1259 daAuts
